 Dungeon Crawl Stone Soup version 0.31-a0-875-g02e7d12df6 (webtiles) character file.

Game seed: 9040759138014258151

1572311 Forgeling the Phalangite (level 27, 237/237 HPs)
             Began as a Merfolk Gladiator on Oct 11, 2023.
             Was a High Priest of Okawaru.
             Escaped with the Orb
             ... and 3 runes on Oct 12, 2023!
             The game lasted 03:37:16 (81803 turns).

Forgeling the Phalangite (Merfolk Gladiator)       Turns: 81803, Time: 03:37:18

Health: 237/237    AC: 44    Str: 33    XL:     27
Magic:  36/36      EV: 21    Int: 15    God:    Okawaru [*****.]
Gold:   4439       SH:  0    Dex: 22    Spells: 26/26 levels left

rFire   + + +        a - +5 bardiche of Evvawk {freeze, *Noise rElec rN+ Str+6}
rCold   + + .        (shield currently unavailable)
rNeg    + + .        I - +9 scales of the Dragon King {rPois rF+ rC+ Will+}
rPois   +            m - +2 helmet {SInv}
rElec   +            j - +2 cloak
rCorr   .            A - +1 pair of gloves of Vyqe {rC+}
SInv    +            T - +2 pair of boots of the Saviour {Will+ Dex+3}
Will    ++++.        c - amulet of regeneration Stlth
                     k - ring of Gigamen {rF++ Int+6}
HPRegen 1.39/turn    s - ring "Withrueno" {rN+ Str+4}
MPRegen 0.25/turn

%: no passive effects
@: studying 3 skills
A: (nimble swimmer 2), mertail
0: Orb of Zot
}: 3/15 runes: barnacled, silver, gossamer
a: Renounce Religion, Heroism, Finesse, Duel


You escaped.
You worshipped Okawaru.
Okawaru was extremely pleased with you.
You visited 11 branches of the dungeon, and saw 51 of its levels.
You also visited: Sewer, Bailey, Ice Cave and Desolation.

You collected 10369 gold pieces.
You spent 5930 gold pieces at shops.

Inventory:

Hand Weapons
 a - the +5 bardiche of Evvawk (weapon) {freeze, *Noise rElec rN+ Str+6}
   (Okawaru gifted it to you on level 5 of the Lair of Beasts)

   Str+6:     It affects your strength (+6).
   rElec:     It insulates you from electricity.
   rN+:       It protects you from negative energy.
   *Noise:    It may make a loud noise when swung.
 b - a +9 bardiche of flaming
Missiles
 f - 22 curare-tipped darts
 o - 64 boomerangs
 u - 15 throwing nets
 w - 15 silver javelins (quivered)
 S - 10 javelins
Armour
 j - a +2 cloak (worn)
 m - a +2 helmet of see invisible (worn)
 A - the +1 pair of gloves of Vyqe (worn) {rC+}
   (You found it on level 5 of the Vaults)

   rC+:       It protects you from cold.
 I - the +9 scales of the Dragon King (worn) {rPois rF+ rC+ Will+}
   (You bought it in a shop on level 5 of the Vaults)

   rF+:       It protects you from fire.
   rC+:       It protects you from cold.
   rPois:     It protects you from poison Will+: It increases your willpower.
 T - the +2 pair of boots of the Saviour (worn) {Will+ Dex+3}
   (You found it on level 2 of the Vaults)

   Dex+3:     It affects your dexterity (+3).
   Will+:     It increases your willpower.
Jewellery
 c - an amulet of regeneration (around neck)
 k - the ring of Gigamen (left hand) {rF++ Int+6}
   (You took it off a deep elf demonologist on level 5 of the Vaults)

   [ring of intelligence]

   Int+6:     It affects your intelligence (+6).
   rF++:      It greatly protects you from fire.
 s - the ring "Withrueno" (right hand) {rN+ Str+4}
   (You found it in the Desolation of Salt)

   [ring of positive energy]

   Str+4:     It affects your strength (+4).
   rN+:       It protects you from negative energy.
 z - the ring "Laocseno" {Fly rElec rPois Int+4}
   (You took it off a merfolk impaler on level 2 of the Shoals)

   [ring of flight]

   Int+4:     It affects your intelligence (+4).
   rElec:     It insulates you from electricity.
   rPois:     It protects you from poison Fly: It grants you flight.
Wands
 d - a wand of digging (26)
 e - a wand of paralysis (41)
 h - a wand of light (49)
 i - a wand of roots (61)
 y - a wand of mindburst (64)
Scrolls
 p - 3 scrolls of enchant armour
 D - 10 scrolls of blinking
 E - 4 scrolls of fear
 F - 6 scrolls of fog
 K - 8 scrolls of immolation
 O - 10 scrolls of silence
 V - 7 scrolls of vulnerability
 X - 4 scrolls of revelation {@r4}
 Y - 11 scrolls of teleportation {@r3}
Potions
 B - 9 potions of brilliance
 C - 6 potions of cancellation
 G - 5 potions of ambrosia
 H - 7 potions of haste
 J - 23 potions of curing {@q1}
 M - 11 potions of might
 N - 8 potions of heal wounds {@q2}
 Q - 5 potions of magic
 R - 4 potions of resistance
 U - 11 potions of mutation
Miscellaneous
 g - a condenser vane
 r - a phial of floods
 v - a lightning rod (4/4)


   Skills:
 + Level 23.9 Fighting
 - Level 26.3 Polearms
 - Level 16.0 Throwing
 + Level 17.4 Armour
 - Level 22.0 Dodging
 - Level 18.0 Invocations
 + Level 21.8 Evocations


You had 26 spell levels left.
You didn't know any spells.
Your spell library contained the following spells:

 Spells                   Type           Power      Damage    Failure   Level
 Apportation              Tloc           0%         N/A       95%         1
 Foxfire                  Conj/Fire      0%         2x1d4     95%         1
 Magic Dart               Conj           0%         1d3       95%         1
 Necrotise                Necr           0%         1d4       95%         1
 Sandblast                Erth           0%         2d4       95%         1
 Shock                    Conj/Air       0%         1d3       95%         1
 Slow                     Hex            0%         N/A       95%         1
 Sting                    Tmut/Pois      0%         1d3       95%         1
 Blink                    Tloc           0%         N/A       99%         2
 Cigotuvi's Dreadful Rot  Necr/Pois/Air  0%         N/A       99%         2
 Ensorcelled Hibernation  Hex/Ice        0%         N/A       99%         2
 Jinxbite                 Hex            0%         N/A       99%         2
 Lesser Beckoning         Tloc           0%         N/A       99%         2
 Momentum Strike          Conj/Tloc      0%         3d8       99%         2
 Passwall                 Tmut/Erth      0%         N/A       99%         2
 Poisonous Vapours        Pois/Air       0%         N/A       99%         2
 Static Discharge         Conj/Air       0%         2-2/arc   99%         2
 Wereblood                Tmut           0%         N/A       99%         2
 Confusing Touch          Hex            0%         N/A       100%        3
 Frozen Ramparts          Ice            0%         1d1       100%        3
 Hailstorm                Conj/Ice       0%         3d3       100%        3
 Ignite Poison            Fire/Tmut/Pois 0%         N/A       100%        3
 Mephitic Cloud           Conj/Pois/Air  0%         N/A       100%        3
 Ozocubu's Armour         Ice            0%         N/A       100%        3
 Sigil of Binding         Hex            0%         N/A       100%        3
 Stone Arrow              Conj/Erth      0%         3d7       100%        3
 Swiftness                Air            0%         N/A       100%        3
 Teleport Other           Tloc           0%         N/A       100%        3
 Vampiric Draining        Necr           0%         2d6       100%        3
 Volatile Blastmotes      Fire/Tloc      0%         2d10      100%        3
 Airstrike                Air            0%         2d(0-16)  100%        4
 Anguish                  Hex/Necr       0%         N/A       100%        4
 Brom's Barrelling Bould  Conj/Erth      0%         2d3       100%        4
 Cause Fear               Hex            0%         N/A       100%        4
 Dimensional Bullseye     Hex/Tloc       0%         N/A       100%        4
 Flame Wave               Conj/Fire      0%         2d4       100%        4
 Fulminant Prism          Conj/Hex       0%         3d5       100%        4
 Iskenderun's Mystic Bla  Conj/Tloc      0%         2d3       100%        4
 Leda's Liquefaction      Hex/Erth       0%         N/A       100%        4
 Manifold Assault         Tloc           0%         N/A       100%        4
 Olgreb's Toxic Radiance  Pois           0%         N/A       100%        4
 Petrify                  Tmut/Erth      0%         N/A       100%        4
 Sticky Flame             Conj/Fire      0%         2d3       100%        4
 Vhi's Electric Charge    Tloc/Air       0%         N/A       100%        4
 Agony                    Necr           0%         N/A       100%        5
 Arcjolt                  Conj/Air       0%         1d10      100%        5
 Borgnjor's Vile Clutch   Necr/Erth      0%         N/A       100%        5
 Freezing Cloud           Conj/Ice/Air   0%         6-21      100%        5
 Irradiate                Conj/Tmut      0%         3d11      100%        5
 Iskenderun's Battlesphe  Conj           0%         2d6       100%        5
 Lee's Rapid Deconstruct  Erth           0%         3d4*      100%        5
 Metabolic Englaciation   Hex/Ice        0%         N/A       100%        5
 Bombard                  Conj/Erth      0%         9d1       100%        6
 Conjure Ball Lightning   Conj/Air       0%         3x3d6     100%        6
 Eringya's Noxious Bog    Tmut/Pois      0%         4d6       100%        6
 Plasma Beam              Fire/Air       0%         2x1d10    100%        6
 Starburst                Conj/Fire      0%         6d3       100%        6
 Enfeeble                 Hex            0%         N/A       100%        7
 Ozocubu's Refrigeration  Ice            0%         4d7       100%        7
 Discord                  Hex            0%         N/A       100%        8
 Disjunction              Tloc           0%         N/A       100%        8
 Ignition                 Fire           0%         3d3       100%        8
 Lehudib's Crystal Spear  Conj/Erth      0%         10d2      100%        8
 Maxwell's Capacitive Co  Air            0%         ∞         100%        8
 Polar Vortex             Ice            0%         N/A       100%        9
 Shatter                  Erth           0%         3d5*      100%        9
 Summon Small Mammal      Summ           Unusable   N/A       N/A         1
 Tukima's Dance           Hex            Unusable   N/A       N/A         3
 Animate Armour           Summ/Erth      Unusable   N/A       N/A         4
 Summon Ice Beast         Ice/Summ       Unusable   N/A       N/A         4
 Summon Lightning Spire   Summ/Air       Unusable   N/A       N/A         4
 Summon Forest            Summ/Tloc      Unusable   N/A       N/A         5
 Simulacrum               Ice/Necr       Unusable   N/A       N/A         6
 Spellforged Servitor     Conj/Summ      Unusable   N/A       N/A         7
 Summon Hydra             Summ           Unusable   N/A       N/A         7

Dungeon Overview and Level Annotations

Branches:
Dungeon (15/15)            Temple (1/1) D:5            Lair (5/5) D:8
 Shoals (4/4) Lair:3       Spider (4/4) Lair:3        Slime (0/5) Lair:5
    Orc (2/2) D:9             Elf (3/3) Orc:2        Vaults (5/5) D:13
  Crypt (3/3) Vaults:2       Tomb (0/3) Crypt:3      Depths (4/4) D:15
    Zot (5/5) Depths:4      Sewer (visited)          Bailey (visited)
  IceCv (visited)         Desolation (visited)

Altars:
Ashenzari
Cheibriados
Dithmenos
Elyvilon
Fedhas
Gozag
Hepliaklqana
Kikubaaqudgha
Makhleb
Nemelex Xobeh
Okawaru
Qazlal
Ru
Sif Muna
Trog
Uskayaw
Vehumet
Wu Jian
Xom
Yredelemnul
Zin
The Shining One
Jiyva

Shops:
D:1 *   D:4 ((**(   D:6 (   D:10 (   Orc:2 ([:*(   Vaults:3 *   Vaults:5 [!!

Portals:
Hell: Depths:1 Depths:2 Depths:3 Depths:4
Abyss: Depths:1 Depths:3
Pandemonium: Depths:1 Depths:2
Ziggurat: Depths:2
Trove: Vaults:3 (give horn of Geryon)

Annotations:
Shoals:2 Mlioglotl


Innate Abilities, Weirdness & Mutations

((You are very nimble when in or above water. (Stealth+, EV+, Speed+++)))
Your lower body shifts to a powerful aquatic tail in water.


Message History

There is a stone staircase leading down here.
There is a stone staircase leading up here.
You climb upwards.
There is a stone staircase leading down here.
An orange demon comes into view.
Unknown command.
There is a stone staircase leading up here.
You climb upwards.
There is a stone staircase leading down here.
Okay, then.
Unknown command.
What level of the Dungeon? (default 1, ? - help)
There is a stone staircase leading up here.
You climb upwards.
There is a stone staircase leading down here.
A reaper comes into view.
It is wielding a +3 scythe of protection.
There is a stone staircase leading up here.
You climb upwards.
There is a stone staircase leading down here.
What level of the Dungeon? (default 1, ? - help)
An angel comes into view.
It is wielding a +3 sacred scourge of holy wrath.
There is a stone staircase leading up here.
You climb upwards.
There is a stone staircase leading down here.
A chaos spawn comes into view.
Your legs become a tail as you enter the water.
The +2 pair of boots of the Saviour {Will+ Dex+3} melds into your body.
The chaos spawn attacks as it pursues you!
The +2 pair of boots of the Saviour {Will+ Dex+3} unmelds from your body.
There is a large open door here.
There is a staircase leading out of the dungeon here.
Okay, then.
Unknown command.
Unknown command.
Unknown command.
Unknown command.
Unknown command.
Unknown command.
Unknown command.
You have escaped!

#....~≈≈≈≈≈≈≈≈≈≈≈≈≈≈~≈≈≈≈~≈~....#
#....~≈≈≈≈≈≈≈≈≈≈≈≈≈≈≈≈≈≈≈≈≈~....#
#....≈≈≈#'#+#≈≈≈≈≈≈≈#+#+#≈≈~....#
#....~≈≈+...##+###'##..('≈≈~....#
#....~≈≈+...+.......+...'≈~(....#
#....~~≈#'###.#####.###+#≈≈~....#
#.....~≈≈~#...#...#...'≈≈≈≈4....#
#...⌠..≈~≈'.⌠.'...###.#≈≈≈≈~....#
#...⌠..~≈~'.⌠.'.@.###.#≈≈≈≈~....#
#.....≈~≈≈#...#...#...+≈≈≈≈≈....#
#....~≈≈#+#+#.#####.###'#≈≈≈.....
#....~≈≈'...#.......#...+≈≈≈.....
#....~≈≈'...##+###+##..>+≈≈~.....
#....~≈≈#'#+#≈≈≈≈≈≈≈#'#+#≈~~.....
#....~≈≈≈≈≈≈≈≈≈≈≈≈≈≈≈≈≈≈≈≈≈~.....
#....≈≈≈≈≈≈≈≈≈≈≈≈≈≈≈≈≈≈≈≈≈≈~.....
#....~~≈~≈≈~~~~≈~~~~~~~≈~~~~.....


There were no monsters in sight!

Vanquished Creatures
  3 dread liches (Zot:5)
  2 orbs of fire (Zot:5)
  Mara (Vaults:4)
  2 ancient liches
  A juggernaut (Depths:3)
  3 royal mummies (Crypt:1)
  Frederick (Vaults:3)
  Sojobo (Vaults:3)
  Vv (Crypt:1)
  9 Killer Klowns (Zot:5)
  Saint Roka (Orc:1)
  Margery (Vaults:2)
  Xtahua (Vaults:4)
  The ghost of Fockur the Warmonger, a veteran GnWn of Okawaru (Depths:2)
  2 caustic shrikes (Depths:2)
  Nikola (Shoals:3)
  Jory (Crypt:1)
  A bone dragon (Crypt:3)
  8 golden dragons
  Norris (Elf:1)
  A profane servitor (Crypt:3)
  A Brimstone Fiend (D:15)
  A Tzitzimitl (D:15)
  Jorgrun (Spider:2)
  4 electric golems
  Zenata (Vaults:3)
  An Ice Fiend (Zot:3)
  16 tentacled monstrosities
  A walking earthen tome (Depths:3)
  6 liches
  29 Orb Guardians
  3 deep elf blademasters (Elf:3)
  5 sphinxes
  3 quicksilver dragons
  4 acid blobs (Lair:4)
  Polyphemus (Shoals:2)
  A kraken (Shoals:2)
  A deep elf master archer (Elf:3)
  4 ancient champions
  10 titans
  9 death cobs
  An Executioner (D:8)
  Donald (Spider:4)
  Kirke (Spider:2)
  10 storm dragons
  12 shadow dragons
  8 tengu reavers
  3 revenants
  Aizul (Shoals:3)
  3 azure jellies (Lair:4)
  An emperor scorpion (shapeshifter) (Vaults:5)
  A draconian monk (Zot:1)
  4 emperor scorpions
  6 draconian knights
  A rockslime (Lair:3)
  6 fire giants
  7 deep elf sorcerers
  11 frost giants
  17 vault wardens
  Louise (Shoals:1)
  6 draconian scorchers
  A balrug (Depths:4)
  2 iron dragons
  8 ghost moths
  7 draconian shifters
  2 angels (Vaults:4)
  A curse skull (Crypt:3)
  8 deep elf elementalists (Elf:3)
  4 ghouls
  10 broodmothers
  4 draconian stormcallers
  5 spriggan defenders
  4 draconian annihilators
  5 formless jellyfish
  17 ironbound preservers
  15 very ugly things
  2 orc warlords
  A quicksilver ooze (Lair:4)
  13 ironbound thunderhulks
  7 war gargoyles
  2 reapers
  17 stone giants
  14 green draconians
  7 deep elf demonologists
  A spectral titan (Depths:2)
  10 black draconians
  9 vampire knights
  6 deep elf annihilators
  4 yellow draconians
  11 purple draconians
  14 spark wasps
  A spark wasp (shapeshifter) (Vaults:5)
  9 red draconians
  6 white draconians
  10 dire elephants
  The ghost of Ducw the Destroyer, a journeyman DsFE of Vehumet (Lair:4)
  13 ettins
  Snorg (D:12)
  A blizzard demon (Depths:4)
  2 crystal guardians
  2 eidola
  6 fire dragons
  2 mummy priests (Crypt:1)
  12 deep elf death magi
  12 merfolk impalers
  5 ragged hierophants (Desolation)
  23 jiangshi
  6 entropy weavers
  5 merfolk javelineers
  The ghost of snackwell the Skirmisher, a journeyman DrHu of Fedhas (D:11)
  7 great orbs of eyes
  17 yaktaur captains
  2 ogre magi
  4 servants of whispers (Desolation)
  9 deep elf high priests
  A juggernaut simulacrum (Depths:2)
  8 ice dragons
  3 rakshasas
  A hydra (shapeshifter) (Vaults:5)
  9 hydras
  A spectral shadow dragon (Depths:2)
  A hell beast (Depths:4)
  9 ironbound frosthearts
  A salamander tyrant (Depths:4)
  36 vault guards
  5 jorogumos
  6 spriggan air magi
  5 death knights
  2 catoblepae
  9 peacekeepers
  2 ghost crabs
  A radroach (Spider:4)
  A spriggan skeleton (Crypt:3)
  2 merfolk avatars
  2 alligator snapping turtles (Shoals:4)
  11 centaur warriors
  4 satyrs
  8 boulder beetles
  5 death yaks
  4 merfolk aquamancers
  30 dancing weapons
  2 two-headed ogres
  7 deep troll shamans
  7 tengu warriors
  A sphinx skeleton (Vaults:3)
  7 deep troll earth magi
  2 orc high priests
  10 vampire magi
  A spectral dire elephant (Lair:5)
  5 spriggan berserkers
  5 demonic crawlers
  3 spriggans (Depths:2)
  17 deep elf knights
  11 hell knights
  4 shadow wraiths
  A spectral death yak (Lair:5)
  A storm dragon zombie (Crypt:2)
  2 sun moths
  46 skeletal warriors
  53 deep trolls
  7 iron trolls
  7 pharaoh ants
  14 orb spiders
  5 skysharks
  2 large abominations (D:8)
  7 flayed ghosts
  An orb spider (shapeshifter) (Depths:4)
  14 sea snakes
  16 deep elf archers
  6 glowing orange brains
  6 wizards
  2 bog bodies (Crypt:2)
  An obsidian statue (Lair:5)
  A shadow dragon zombie (Depths:1)
  26 ironbound convokers
  3 phantasmal warriors
  7 steelbarb worms
  34 deep elf zephyrmancers
  An anaconda skeleton (Crypt:1)
  3 lindwurms (Vaults:1)
  A spectral anaconda (Lair:5)
  29 harpies
  39 deep elf pyromancers
  11 orc knights
  A harpy (shapeshifter) (D:15)
  A draconian zombie (Crypt:2)
  A stone giant zombie (Vaults:3)
  A shadow dragon skeleton (Crypt:2)
  41 ugly things
  13 necromancers
  8 cyclopes
  11 fauns
  An oklob plant (Lair:2)
  24 wolf spiders
  3 salamanders (Depths:4)
  A salamander (shapeshifter) (Vaults:2)
  6 orc sorcerers
  10 manticores
  19 moths of wrath
  A fire giant skeleton (Vaults:2)
  3 guardian serpents (Desolation)
  21 elephants
  A titan simulacrum (Crypt:3)
  A water nymph (shapeshifter) (D:14)
  2 apocalypse crabs (Shoals:1)
  9 merfolk sirens
  A human skeleton (Vaults:3)
  2 black mambas
  3 ice statues (IceCv)
  6 water nymphs
  An elephant slug zombie (Crypt:2)
  4 molten gargoyles (Desolation)
  A goliath frog skeleton (Crypt:2)
  10 cane toads
  A cane toad (shapeshifter) (D:12)
  4 gargoyles
  7 torpor snails
  12 vault sentinels
  20 yaktaurs
  3 kobold demonologists
  6 rime drakes
  9 freezing wraiths
  An efreet (D:12)
  8 komodo dragons
  2 unseen horrors (D:13)
  A golden dragon simulacrum (Depths:2)
  A sea snake skeleton (Crypt:1)
  3 tengu conjurers
  A wind drake (shapeshifter) (D:13)
  8 trolls
  A troll (shapeshifter) (Spider:4)
  The ghost of jasper the Cudgeller, an amateur AtFi of Ashenzari (D:5)
  5 tyrant leeches (Spider:2)
  3 hornets (Depths:2)
  5 polar bears
  5 meliai
  30 merfolk
  A harpy skeleton (Crypt:1)
  11 blink frogs
  A guardian serpent zombie (Crypt:1)
  7 wind drakes
  19 tarantellas
  A tyrant leech (shapeshifter) (D:14)
  8 dream sheep
  A great orb of eyes zombie (Crypt:2)
  36 saltlings (Desolation)
  A frost giant simulacrum (Vaults:2)
  An iron dragon simulacrum (Crypt:3)
  2 spectral elephants (Lair:5)
  A boulder beetle zombie (Crypt:2)
  6 snapping turtles
  A radroach zombie (Crypt:1)
  6 air elementals
  31 slime creatures
  48 flying skulls (Crypt:3)
  14 culicivoras
  A vampire (D:9)
  33 jumping spiders
  A ynoxinul (D:11)
  5 shadows
  An ettin skeleton (Crypt:2)
  5 humans
  12 wraiths
  A dire elephant simulacrum (IceCv)
  2 hogs (Spider:2)
  47 yaks
  2 wyverns
  A black mamba skeleton (Crypt:2)
  14 water elementals
  3 fire elementals
  Grum (D:11)
  2 steam dragons
  18 vampire mosquitoes
  6 basilisks
  A neqoxec (Zot:1)
  4 small abominations (Crypt:3)
  A warg (Orc:1)
  A death yak simulacrum (Lair:5)
  57 redbacks
  8 water moccasins
  A merfolk zombie (Crypt:2)
  A hydra simulacrum (IceCv)
  An ice beast (shapeshifter) (Vaults:5)
  A swamp drake (Shoals:1)
  32 orc warriors
  5 ice beasts
  A dream sheep zombie (Crypt:1)
  A black bear (D:4)
  2 spriggan simulacra
  8 wolves
  10 ogres
  10 centaurs
  4 elephant skeletons (Lair:5)
  A rime drake zombie (Crypt:2)
  7 kobold brigands
  2 gnoll sergeants
  A salamander zombie (Crypt:2)
  4 necrophages (Crypt:3)
  5 bullfrogs
  A salamander skeleton (Crypt:1)
  4 earth elementals
  8 scorpions
  2 cane toad simulacra (IceCv)
  4 wights
  A spriggan zombie (Crypt:2)
  A tengu zombie (Depths:1)
  2 elephant simulacra
  3 killer bees (D:9)
  2 electric eels
  7 howler monkeys
  4 crimson imps (D:7)
  2 human simulacra (Vaults:2)
  5 hounds
  A jelly (D:8)
  18 orc priests
  A centaur skeleton (Crypt:1)
  Ijyb (D:3)
  Terence (D:3)
  2 hell rats (Lair:1)
  10 iguanas
  A sleepcap (D:3)
  25 orc wizards
  A boggart skeleton (Crypt:2)
  A polar bear simulacrum (IceCv)
  A wolf simulacrum (IceCv)
  A deep dwarf zombie (Crypt:2)
  27 gnolls
  13 adders
  3 river rats (Lair:1)
  2 white imps
  An ufetubus (D:5)
  4 worms
  2 dart slugs
  74 orcs
  5 ball pythons
  6 endoplasms
  9 giant cockroaches
  10 goblins
  10 hobgoblins
  8 jackals (D:1)
  2 quokkas
  8 bats
  7 frilled lizards
  61 kobolds
  19 rats
  4 tentacles (Shoals:2)
2458 creatures vanquished.

Vanquished Creatures (others)
  A deep elf knight (Elf:2)
  A sea snake (Shoals:2)
  2 wizards
  A deep elf pyromancer (Elf:1)
  3 deep elf zephyrmancers
  An ugly thing (IceCv)
  A moth of wrath (Zot:1)
  2 starspawn tentacles (Shoals:2)
  16 tentacles (Shoals:2)
28 creatures vanquished.

Grand Total: 2486 creatures vanquished

Notes
Turn   | Place    | Note
-------+----------+-------------------------------------------
     0 | D:1      | Forgeling the Merfolk Gladiator began the quest for the
                  | Orb.
     0 | D:1      | Reached XP level 1. HP: 16/16 MP: 1/1
   236 | D:1      | Reached XP level 2. HP: 21/22 MP: 2/2
   347 | D:1      | Reached skill level 5 in Polearms
   355 | D:1      | Found Fiucsu's General Store.
   495 | D:1      | Reached XP level 3. HP: 27/27 MP: 3/3
   947 | D:2      | You fall into a shaft and drop 2 floors!
   972 | D:4      | Reached skill level 6 in Polearms
   972 | D:4      | Reached XP level 4. HP: 21/33 MP: 4/4
  1098 | D:4      | Found Wialut's Weapon Shop.
  1244 | D:3      | Found a glowing drain.
  1258 | Sewer    | Entered a sewer
  1319 | Sewer    | Noticed a kobold brigand
  1439 | Sewer    | Reached XP level 5. HP: 37/38 MP: 5/5
  1534 | Sewer    | Killed a kobold brigand
  1535 | Sewer    | Reached skill level 7 in Polearms
  1599 | D:3      | Noticed Terence
  1636 | D:3      | Killed Terence
  1637 | D:3      | Reached XP level 6. HP: 44/44 MP: 6/6
  1798 | D:2      | Found a faded altar of an unknown god.
  2474 | D:3      | Noticed Ijyb
  2506 | D:3      | Killed Ijyb
  2507 | D:3      | Reached skill level 8 in Polearms
  3103 | D:3      | Reached XP level 7. HP: 50/50 MP: 7/7
  3134 | D:3      | Reached skill level 9 in Polearms
  3492 | D:3      | Reached skill level 10 in Polearms
  3851 | D:4      | Found Coto's General Store.
  3872 | D:4      | Bought a scroll of fear for 48 gold pieces
  3872 | D:4      | Bought a potion of curing for 36 gold pieces
  3921 | D:4      | Found Ligebrep's Antique Weapon Emporium.
  4055 | D:4      | Found Jole Poduipn's General Store.
  4055 | D:4      | Found Yzaul's Weapon Boutique.
  4089 | D:4      | Bought a +0 cloak for 49 gold pieces
  4314 | D:5      | Entered Level 5 of the Dungeon
  4314 | D:5      | Noticed jasper's ghost (amateur AtFi)
  4314 | D:5      | Found a runed translucent door.
  4391 | D:4      | Reached XP level 8. HP: 21/56 MP: 8/8
  4516 | D:5      | Reached skill level 5 in Throwing
  4715 | D:5      | Reached skill level 11 in Polearms
  4905 | D:5      | Found a glowing golden altar of the Shining One.
  4905 | D:5      | Found an ornate altar of the Wu Jian Council.
  5089 | D:5      | Found a staircase to the Ecumenical Temple.
  5267 | Temple   | Entered the Ecumenical Temple
  5458 | D:6      | Reached skill level 12 in Polearms
  5473 | D:6      | Reached skill level 1 in Evocations
  5623 | D:6      | Reached skill level 5 in Dodging
  5633 | D:6      | Found Imymp's Antique Weapon Emporium.
  5662 | D:6      | Reached XP level 9. HP: 52/61 MP: 9/9
  5666 | D:6      | Bought a glowing trident for 143 gold pieces
  6446 | D:6      | Identified the +4 spear of Rikh {heavy, rElec rPois rF-
                  | Str+4}
  6989 | D:7      | Found a basalt altar of Yredelemnul.
  7133 | D:7      | Found a flagged portal.
  7186 | Bailey   | Entered a bailey
  7353 | Bailey   | Noticed an orc knight
  7412 | Bailey   | Killed an orc knight
  7413 | Bailey   | Reached skill level 5 in Fighting
  7507 | Bailey   | Identified the +5 gold dragon scales of Lemois {*Slow rElec
                  | rPois rF+ rC+ Dex+3}
  7529 | Bailey   | Reached skill level 13 in Polearms
  7883 | D:7      | Found a shimmering altar of Xom.
  7890 | D:7      | Reached XP level 10. HP: 74/74 MP: 10/10
  8374 | D:8      | Reached skill level 14 in Polearms
  9074 | D:8      | Found a staircase to the Lair.
  9247 | D:1      | Bought a potion of heal wounds for 55 gold pieces
  9552 | D:8      | Reached skill level 15 in Polearms
  9984 | D:9      | Reached skill level 16 in Polearms
  9984 | D:9      | Reached skill level 5 in Evocations
 10336 | D:9      | Found a bloodstained altar of Trog.
 10365 | D:9      | Noticed a kobold demonologist
 10377 | D:9      | Noticed an orange demon
 10378 | D:9      | Killed a kobold demonologist
 10386 | D:9      | Reached XP level 11. HP: 70/79 MP: 11/11
 10680 | D:9      | Found an iron altar of Okawaru.
 10681 | D:9      | Found a white marble altar of Elyvilon.
 10681 | D:9      | Found a staircase to the Orcish Mines.
 10719 | D:9      | Became a worshipper of Warmaster Okawaru
 10781 | D:9      | Reached skill level 1 in Armour
 11120 | D:10     | Entered Level 10 of the Dungeon
 11167 | Lair:1   | Entered Level 1 of the Lair of Beasts
 11276 | Lair:1   | Reached * piety under Okawaru
 11553 | Lair:1   | Reached ** piety under Okawaru
 11931 | Lair:1   | Reached skill level 1 in Invocations
 12241 | Lair:1   | Reached *** piety under Okawaru
 12895 | Lair:2   | Noticed a boulder beetle
 12906 | Lair:2   | Killed a boulder beetle
 12907 | Lair:2   | Reached XP level 12. HP: 84/92 MP: 15/15
 13066 | Lair:2   | Noticed a seven-headed hydra
 13067 | Lair:2   | Reached **** piety under Okawaru
 13068 | Lair:2   | Reached skill level 5 in Invocations
 13073 | Lair:2   | Killed a three-headed hydra
 13413 | Lair:2   | Reached skill level 5 in Armour
 13631 | Lair:2   | Reached skill level 10 in Dodging
 14012 | Lair:3   | Found a staircase to the Shoals.
 14291 | Lair:3   | Found a hole to the Spider Nest.
 14294 | Lair:3   | Reached ***** piety under Okawaru
 14412 | Lair:3   | Noticed an eight-headed hydra
 14429 | Lair:3   | Killed a two-headed hydra
 14834 | Lair:4   | Noticed a boulder beetle
 14841 | Lair:4   | Killed a boulder beetle
 15068 | Lair:4   | Noticed a seven-headed hydra
 15089 | Lair:4   | Killed a two-headed hydra
 15096 | Lair:4   | Reached XP level 13. HP: 77/98 MP: 18/18
 15191 | Lair:4   | Received a gift from Okawaru
 15954 | Lair:4   | Found a runed translucent gate.
 15954 | Lair:4   | Noticed an acid blob
 15955 | Lair:4   | Found a runed translucent gate.
 15955 | Lair:4   | Noticed a quicksilver ooze
 15955 | Lair:4   | Noticed an acid blob
 15970 | Lair:4   | Found a runed translucent gate.
 15971 | Lair:4   | Noticed an azure jelly
 15971 | Lair:4   | Noticed a rockslime
 15974 | Lair:4   | Noticed an azure jelly
 15975 | Lair:4   | Noticed an azure jelly
 15975 | Lair:4   | Noticed Ducw's ghost (journeyman DsFE)
 15975 | Lair:4   | Noticed an acid blob
 15975 | Lair:4   | Noticed an acid blob
 15976 | Lair:4   | Noticed an acid blob
 15976 | Lair:4   | Noticed an acid blob
 15976 | Lair:4   | Noticed an azure jelly
 15976 | Lair:4   | Noticed an acid blob
 16019 | Lair:4   | Found a viscous altar of Jiyva.
 16357 | Lair:5   | Entered Level 5 of the Lair of Beasts
 16534 | Lair:5   | Received a gift from Okawaru
 16583 | Lair:5   | Found a staircase to the Slime Pits.
 16689 | Lair:5   | Got an uncut book
 17161 | Lair:5   | Noticed a dire elephant
 17163 | Lair:5   | Noticed a dire elephant
 17163 | Lair:5   | Noticed a dire elephant
 17401 | Lair:5   | Reached ****** piety under Okawaru
 17404 | Lair:5   | Acquired the +5 bardiche of Evvawk {freeze, *Noise rElec
                  | rN+ Str+6}
 17404 | Lair:5   | Received a gift from Okawaru
 17447 | Lair:5   | Acquired the +0 plate armour of Ferocious Awe {Rampage
                  | rPois Str+3}
 17447 | Lair:5   | Received a gift from Okawaru
 17686 | Lair:5   | Received a gift from Okawaru
 17812 | Lair:5   | Reached skill level 10 in Fighting
 17812 | Lair:5   | Reached XP level 14. HP: 100/110 MP: 20/20
 18085 | Lair:5   | Killed a dire elephant
 18085 | Lair:5   | Received a gift from Okawaru
 18091 | Arena    | Entered the Arena
 18103 | Arena    | Killed a dire elephant
 18131 | Lair:5   | Killed a dire elephant
 18697 | D:5      | Killed jasper's ghost
 19593 | D:10     | Found Coommax's Weapon Shoppe.
 19726 | D:11     | Noticed snackwell's ghost (journeyman DrHu)
 19727 | D:11     | Found a runed translucent door.
 19927 | D:11     | Noticed Grum
 19937 | D:11     | Killed Grum
 20441 | D:11     | Killed snackwell's ghost
 20442 | D:11     | Reached skill level 17 in Polearms
 20570 | D:12     | Received a gift from Okawaru
 20850 | D:12     | Reached skill level 18 in Polearms
 21130 | D:12     | Identified the +11 great sword of the Depths {heavy, Will+}
 21360 | D:12     | Reached skill level 19 in Polearms
 21634 | D:12     | Noticed Snorg
 21648 | D:12     | Killed Snorg
 21649 | D:12     | Reached skill level 10 in Throwing
 22073 | Orc:1    | Entered Level 1 of the Orcish Mines
 22173 | Orc:1    | Reached XP level 15. HP: 104/116 MP: 21/21
 22520 | Orc:2    | Entered Level 2 of the Orcish Mines
 22525 | Orc:2    | Received a gift from Okawaru
 22571 | Orc:2    | Found a frozen archway.
 22584 | IceCv    | Entered an ice cave
 23048 | Orc:2    | Noticed Saint Roka
 23083 | Orc:1    | Killed Saint Roka
 23175 | Orc:2    | Received a gift from Okawaru
 23191 | Orc:2    | Found Myimmog's General Store.
 23268 | Orc:2    | Found Onono's Book Boutique.
 23365 | Orc:2    | Found a staircase to the Elven Halls.
 23671 | Orc:2    | Found Zidivux's Antique Weapon Boutique.
 23686 | Orc:2    | Found Loladiwa's Antique Armour Boutique.
 23729 | Orc:2    | Found Wini's Firing Range.
 24902 | D:13     | Found a gate to the Vaults.
 25073 | D:14     | Found an opulent altar of Gozag.
 25589 | D:14     | Reached skill level 10 in Invocations
 25598 | D:14     | Received a gift from Okawaru
 26483 | D:14     | Noticed a frost giant
 26494 | D:14     | Killed a frost giant
 26588 | D:14     | Noticed a frost giant
 26601 | D:14     | Killed a frost giant
 26864 | D:14     | Found the +8 whip "Snakebite" {venom, curare, rPois}
 26868 | D:14     | Identified the +7 quick blade "Ickung" {freeze, rC+ Int+2}
 27108 | D:15     | Entered Level 15 of the Dungeon
 27147 | D:15     | Found a radiant altar of Vehumet.
 27159 | D:15     | Reached XP level 16. HP: 116/130 MP: 24/24
 27626 | D:15     | Found a staircase to the Depths.
 28085 | D:15     | Found a snail-covered altar of Cheibriados.
 28637 | Shoals:1 | Entered Level 1 of the Shoals
 28978 | Shoals:1 | Noticed Louise
 29027 | Shoals:1 | Killed Louise
 29272 | Shoals:1 | Reached skill level 20 in Polearms
 29273 | Shoals:1 | Received a gift from Okawaru
 30090 | Shoals:2 | Noticed Polyphemus
 30090 | Shoals:2 | Noticed Mlioglotl
 30257 | Shoals:2 | Reached skill level 21 in Polearms
 30480 | Shoals:2 | Noticed a tentacled starspawn
 30661 | Shoals:2 | Received a gift from Okawaru
 31079 | Shoals:2 | Reached skill level 22 in Polearms
 31425 | Shoals:1 | Reached XP level 17. HP: 116/137 MP: 20/26
 31508 | Shoals:2 | Noticed a kraken
 31652 | Shoals:2 | Killed Polyphemus
 31652 | Shoals:2 | Received a gift from Okawaru
 31890 | Shoals:2 | Killed a kraken
 32031 | Shoals:2 | Noticed a tentacled monstrosity
 32095 | Shoals:2 | Identified the ring "Laocseno" {Fly rElec rPois Int+4}
 32151 | Shoals:2 | Killed a tentacled monstrosity
 32617 | Shoals:3 | Noticed Aizul
 32627 | Shoals:3 | Killed Aizul
 33349 | Shoals:3 | Received a gift from Okawaru
 33432 | Shoals:3 | Noticed Nikola
 33461 | Shoals:3 | Killed Nikola
 33462 | Shoals:3 | Reached skill level 15 in Fighting
 33610 | Shoals:3 | Identified a scroll of acquirement
 33656 | Shoals:3 | Acquired 821 gold pieces
 34073 | Shoals:4 | Entered Level 4 of the Shoals
 34558 | Shoals:3 | Received a gift from Okawaru
 35476 | Shoals:4 | Got an antique book
 35488 | Shoals:4 | Identified the +6 flail of Nipuiw {flame, *Noise rN+ SInv
                  | Stlth+}
 35574 | Shoals:4 | Received a gift from Okawaru
 35933 | Shoals:4 | Reached XP level 18. HP: 146/154 MP: 26/28
 36001 | Shoals:4 | Got a strange book
 37385 | Shoals:4 | Got a barnacled rune of Zot
 37853 | Spider:1 | Entered Level 1 of the Spider Nest
 37902 | Spider:1 | Reached skill level 15 in Dodging
 38025 | Spider:1 | Paralysed by a jorogumo for 3 turns
 38956 | Spider:1 | Received a gift from Okawaru
 39759 | Spider:2 | Noticed Jorgrun
 39774 | Spider:2 | Killed Jorgrun
 40081 | Spider:2 | Reached skill level 10 in Armour
 40454 | Spider:2 | Noticed Kirke
 40462 | Spider:2 | Killed Kirke
 40973 | Spider:2 | Received a gift from Okawaru
 42496 | Spider:3 | Identified the +3 trident of the Moon {freeze, Str+5}
 42884 | Spider:4 | Entered Level 4 of the Spider Nest
 43023 | Spider:4 | Reached XP level 19. HP: 132/161 MP: 29/29
 43444 | Spider:3 | Received a gift from Okawaru
 44141 | Spider:4 | Identified the +0 robe "Yneveth" {rElec rC+ rN+ Str+2}
 44663 | Spider:3 | Received a gift from Okawaru
 45204 | Spider:4 | Noticed Donald
 45212 | Spider:4 | Reached skill level 10 in Evocations
 45223 | Spider:4 | Killed Donald
 45452 | Spider:4 | Got a gossamer rune of Zot
 45940 | Lair:4   | Killed Ducw's ghost
 46308 | Lair:3   | Received a gift from Okawaru
 46473 | Lair:4   | Identified the ring "Enwad" {Str+3 Int+3 SInv}
 46687 | Vaults:1 | Entered Level 1 of the Vaults
 47652 | Vaults:1 | Reached XP level 20. HP: 168/168 MP: 30/30
 48650 | Arena    | Entered the Arena
 49227 | Vaults:2 | Received a gift from Okawaru
 49695 | Vaults:2 | Noticed Margery
 49773 | Vaults:2 | Killed Margery
 50285 | Vaults:2 | Identified the +4 whip of Ipemm {freeze, rC- Int+5 Stlth+}
 51013 | Vaults:2 | Found a staircase to the Crypt.
 51077 | Vaults:2 | Reached XP level 21. HP: 125/179 MP: 31/31
 51363 | Vaults:2 | Received a gift from Okawaru
 51393 | Vaults:2 | Identified the +5 plate armour of Honesty {rN+ Will- Int+2}
 51397 | Vaults:2 | Identified the +2 pair of boots of the Saviour {Will+
                  | Dex+3}
 51640 | Vaults:3 | Noticed Sojobo
 51751 | Vaults:3 | Found Beetah's Assorted Antiques.
 51919 | Vaults:3 | Noticed Zenata
 51932 | Vaults:3 | Killed Zenata
 51945 | Vaults:3 | Reached skill level 15 in Throwing
 51947 | Vaults:3 | Killed Sojobo
 51973 | Vaults:3 | Noticed Frederick
 52001 | Vaults:3 | Killed Frederick
 53100 | Vaults:3 | Found a portal to a secret trove of treasure.
 53112 | Vaults:3 | Acquired a +2 bardiche of protection
 53250 | Vaults:4 | Found a crumbling gateway.
 53267 | Vaults:4 | Found a glowing silver altar of Zin.
 53267 | Vaults:4 | Found a glowing golden altar of the Shining One.
 53267 | Vaults:4 | Found a white marble altar of Elyvilon.
 53307 | Desolati | Entered the Desolation of Salt
 53450 | Desolati | Identified the +0 pair of gloves "Qenior" {Int+3}
 53456 | Desolati | Received a gift from Okawaru
 53462 | Desolati | Identified the ring "Withrueno" {rN+ Str+4}
 53622 | Desolati | Identified the +5 war axe "Tuagexke" {flame, *Rage Int+2
                  | Stlth+}
 53625 | Desolati | Identified the +6 short sword of the Quiescent God {freeze,
                  | Drain rC++ rN+}
 53792 | Desolati | Identified the +5 ring mail of Summer {Int+6 Dex-4}
 53798 | Desolati | Identified the ring of the Battered Prophets {rPois rC+
                  | SInv}
 53816 | Desolati | Reached skill level 15 in Invocations
 53871 | Desolati | Got a rare book
 53880 | Desolati | Got a fusty book
 54054 | Desolati | Identified the +7 orcbow "Icuam" {freeze, rElec rC- Str-3
                  | Dex+8}
 54365 | Vaults:4 | Reached XP level 22. HP: 163/190 MP: 33/33
 54375 | Vaults:4 | Received a gift from Okawaru
 55030 | Vaults:4 | Identified the +1 robe of the Flute {Int+2}
 55521 | Vaults:4 | Noticed Xtahua
 55535 | Vaults:4 | Killed Xtahua
 55541 | Vaults:4 | Noticed Mara
 55543 | Vaults:4 | Noticed Forgeling's illusion
 55565 | Vaults:4 | Killed Mara
 56582 | Elf:1    | Entered Level 1 of the Elven Halls
 56791 | Elf:1    | Paralysed by an air elemental for 1 turns
 56875 | Elf:1    | Noticed Norris
 56902 | Elf:1    | Killed Norris
 56902 | Elf:1    | Received a gift from Okawaru
 58231 | Elf:2    | Received a gift from Okawaru
 58235 | Elf:2    | Reached skill level 15 in Evocations
 58258 | Elf:2    | Found a runed translucent gate.
 58259 | Elf:2    | Found a runed translucent gate.
 58259 | Elf:2    | Found a runed translucent gate.
 58294 | Elf:2    | Paralysed by an air elemental for 1 turns
 58978 | Elf:2    | Reached XP level 23. HP: 172/197 MP: 34/34
 59266 | Elf:3    | Entered Level 3 of the Elven Halls
 59944 | Elf:3    | Identified the +1 robe of Bitterness {rCorr Str-5 Int+3}
 59951 | Elf:3    | Received a gift from Okawaru
 60384 | Elf:3    | Received a gift from Okawaru
 60487 | Elf:3    | Identified the ring "Niheda" {Wiz rPois rC+ Will+}
 60625 | Elf:3    | Identified the +3 shortbow "Embalmer" {speed, Str+3}
 60871 | Elf:3    | Identified the +1 plate armour "Rurphina" {Contam rN+
                  | rCorr}
 60889 | Elf:3    | Upgraded the game from 0.31-a0-868-g674d60d6f7 to
                  | 0.31-a0-875-g02e7d12df6
 61211 | Depths:1 | Entered Level 1 of the Depths
 61713 | Depths:1 | Found a one-way gate to the infinite horrors of the Abyss.
 61767 | Depths:1 | Identified the +6 great sword "Roxet" {elec, SInv}
 62001 | Depths:1 | Found a one-way gate leading to the halls of Pandemonium.
 62011 | Depths:1 | Found a blossoming altar of Fedhas.
 62117 | Depths:1 | Found a gateway to Hell.
 62334 | Depths:1 | Received a gift from Okawaru
 63210 | Depths:2 | Found a transporter.
 63234 | Depths:2 | Identified the +1 leather armour of the Vaults {Harm
                  | +Blink}
 63237 | Depths:2 | Found a one-way gateway to a ziggurat.
 63245 | Depths:2 | Received a gift from Okawaru
 63524 | Depths:2 | Found a transporter.
 63526 | Depths:2 | Noticed Fockur's ghost (veteran GnWn)
 63922 | Depths:2 | Reached XP level 24. HP: 208/208 MP: 34/34
 64354 | Depths:2 | Noticed a caustic shrike
 64357 | Arena    | Entered the Arena
 64386 | Depths:2 | Killed a caustic shrike
 64394 | Depths:2 | Identified the +2 hand cannon "Noitrergh" {speed, Int+2}
 65110 | Depths:3 | Received a gift from Okawaru
 65379 | Depths:3 | Identified the ring "Ekhleopyb" {rPois Will+}
 65497 | Depths:3 | Noticed a caustic shrike
 65516 | Depths:2 | Killed a caustic shrike
 65671 | Depths:3 | Identified the +0 scale mail "Ujouthoe" {Int+4}
 65950 | Depths:3 | Received a gift from Okawaru
 66539 | Depths:3 | Noticed a juggernaut
 66554 | Depths:3 | Killed a juggernaut
 66852 | Depths:4 | Entered Level 4 of the Depths
 67054 | Depths:3 | Reached skill level 15 in Armour
 67348 | Depths:4 | Received a gift from Okawaru
 68369 | Depths:4 | Found a gate to the Realm of Zot.
 68770 | Crypt:1  | Entered Level 1 of the Crypt
 68786 | Crypt:1  | Reached XP level 25. HP: 217/217 MP: 34/34
 68856 | Crypt:1  | Received a gift from Okawaru
 69050 | Crypt:1  | Noticed Jory
 69059 | Crypt:1  | Killed Jory
 69901 | Crypt:1  | Noticed a royal mummy
 69908 | Crypt:1  | Killed a royal mummy
 69913 | Crypt:1  | Noticed a royal mummy
 69925 | Crypt:1  | Killed a royal mummy
 69936 | Crypt:1  | Noticed a royal mummy
 69936 | Crypt:1  | Found the +7 sceptre of Torment {pain, torment}
 69942 | Crypt:1  | Killed a royal mummy
 70128 | Crypt:1  | Noticed Vv
 70135 | Crypt:1  | Killed Vv
 70548 | Crypt:2  | Received a gift from Okawaru
 71903 | Crypt:3  | Entered Level 3 of the Crypt
 72479 | Crypt:3  | Found a basalt altar of Yredelemnul.
 73567 | Crypt:3  | Received a gift from Okawaru
 73657 | Crypt:3  | Reached XP level 26. HP: 145/224 MP: 34/34
 73787 | Crypt:3  | Found a staircase to the Tomb.
 73884 | Crypt:3  | Identified the +9 scimitar of the Keeping Gods {flame, rN+
                  | Int+2 Stlth-}
 74292 | D:1      | Bought a phial of floods for 440 gold pieces
 74630 | Vaults:5 | Entered Level 5 of the Vaults
 74634 | Vaults:5 | Found Zanyer's Antique Armour Boutique.
 74686 | Vaults:5 | Noticed an ancient lich
 74690 | Vaults:5 | Killed an ancient lich
 74691 | Vaults:5 | Reached skill level 23 in Polearms
 74778 | Arena    | Entered the Arena
 74853 | Vaults:5 | Identified the +2 rapier "Vaiqit" {freeze, rF+ Stlth+}
 75420 | Vaults:5 | Reached skill level 24 in Polearms
 75672 | Vaults:5 | Identified the ring of Atheism {Fly Slay+3}
 75685 | Vaults:5 | Reached skill level 25 in Polearms
 76430 | Vaults:5 | Found Weuff's Distillery.
 76645 | Vaults:5 | Identified the ring of Gigamen {rF++ Int+6}
 76713 | Vaults:5 | Reached skill level 26 in Polearms
 76966 | Vaults:5 | Identified the +1 pair of gloves of Vyqe {rC+}
 77319 | Vaults:5 | Got a silver rune of Zot
 77368 | Vaults:5 | Found Hearet's Distillery.
 77430 | Vaults:5 | Bought the +9 scales of the Dragon King {rPois rF+ rC+
                  | Will+} for 4867 gold pieces
 77430 | Vaults:5 | Found the +9 scales of the Dragon King {rPois rF+ rC+
                  | Will+}
 77452 | Vaults:5 | Acquired 604 gold pieces
 77466 | Vaults:5 | Bought a pair of runed gloves for 292 gold pieces
 78189 | Vaults:2 | Received a gift from Okawaru
 78516 | Depths:2 | Killed Fockur's ghost
 78597 | Depths:2 | Identified the staff of Proximity {rN+ Dex+6 Necro}
 78603 | Depths:2 | Identified the staff of Uncomfortable Rashes {rPois rN+
                  | Will+ Str+3 Necro}
 78667 | Zot:1    | Entered Level 1 of the Realm of Zot
 78708 | Zot:1    | Reached XP level 27. HP: 201/231 MP: 34/34
 78873 | Zot:1    | Received a gift from Okawaru
 78908 | Zot:1    | Identified the +4 ring mail "Gucidae" {rElec Will+ Str+4
                  | Dex-2}
 79546 | Zot:2    | Received a gift from Okawaru
 79957 | Zot:5    | Entered Level 5 of the Realm of Zot
 79971 | Zot:5    | Received a gift from Okawaru
 80585 | Zot:5    | Noticed a dread lich
 80586 | Zot:5    | Noticed an orb of fire
 80591 | Zot:5    | Killed a dread lich
 80596 | Zot:5    | Killed an orb of fire
 80596 | Zot:5    | Received a gift from Okawaru
 80625 | Zot:5    | Noticed a dread lich
 80632 | Zot:5    | Killed a dread lich
 80680 | Zot:5    | Noticed an ancient lich
 80686 | Zot:5    | Noticed an orb of fire
 80686 | Zot:5    | Killed an ancient lich
 80689 | Zot:5    | Killed an orb of fire
 80689 | Zot:5    | Received a gift from Okawaru
 80766 | Zot:5    | Noticed a dread lich
 80782 | Zot:5    | Killed a dread lich
 81093 | Zot:5    | Received a gift from Okawaru
 81242 | Zot:5    | Got the Orb of Zot
 81803 | D:$      | Escaped with the Orb!

Illustrated notes

Levels and vault maps discovered:
D:1:      dpeg_arrival_castle, layout_basic, serial_shops, shop
D:2:      layout_basic, shapermc_ecumenical_altar_acropolis,
          kennysheep_generic_room_4
D:3:      minmay_goblin_kobold_castle, layout_basic, portal_sewer_entry_f,
          uniq_terence, uniq_ijyb
D:4:      layout_loops_corners, serial_shops, shop, shop,
          nicolae_shop_gibbet_a_chance, shop, nicolae_shop_tiny_statue_garden
D:5:      layout_basic, gammafunk_temple_overflow_wave,
          minmay_temple_entry_hall, gammafunk_ghost_grave
D:6:      layout_layer_cave, serial_shops, shop
D:7:      layout_basic, led_xom_imps, lemuel_round_altar, enter_bailey_3,
          kennysheep_generic_room_3
D:8:      layout_cave_pools, hellmonk_lair_entry_icy, minmay_lizard_king
D:9:      layout_loops_ring, trog_book, nicolae_overflow_two_pavilions,
          orc_0_dummy, special_room [special_room_kobold],
          chequers_serial_rivers_room_b, kennysheep_generic_room_12
D:10:     layout_loops_ring, serial_shops, nicolae_shop_bloodbath_and_beyond,
          grunt_ministairs_7, minmay_misc_feat_alley
D:11:     layout_cave_pods, hellmonk_ghost_big_iron, uniq_grum
D:12:     minmay_the_grid_3x2 [minmay_the_grid_stretched_grid,
          minmay_the_grid_minigrid_medium, minmay_the_grid_pillar_ring,
          minmay_the_grid_large_cup, minmay_the_grid_diamond_grid,
          minmay_the_grid_prize_trominoes], layout_gridville, uniq_snorg
D:13:     layout_roguey, hellmonk_vaults_keyhole
D:14:     minmay_sliced_demisemicircle, layout_basic, serial_glass,
          glass_columns_b, glass_columns_a, nrook_mini_backslash,
          grunt_gozag_statues
D:15:     hellmonk_depths_entry_around_the_bend, layout_basic,
          cheibriados_altar_1, vehumet_crystals
Temple:   minmay_freezing_vapour_temple
Lair:1:   layout_roguey, kennysheep_abandoned_house, grunt_megastairs_1
Lair:2:   layout_loops_ring, grunt_megastairs_5
Lair:3:   layout_gridlike, nicolae_shoals_entry_roost,
          nicolae_spider_entry_non_spiders, st_stairs_4
Lair:4:   layout_cave_pods, gammafunk_ghost_ooze
Lair:5:   due_jungle_book, layout_loops_ring, slime_entry_1
Shoals:1: layout_shoals, uniq_louise
Shoals:2: dreamdust_from_the_deep, layout_shoals, uniq_polyphemus,
          uniq_mlioglotl
Shoals:3: nicolae_shoals_deep_elves_summer_vacation, layout_shoals, uniq_aizul,
          uniq_nikola
Shoals:4: shoals_end_grunt_garden, layout_shoals, argonaut_gorgonesque
Spider:1: layout_spider_delve
Spider:2: layout_chambers, nicolae_spider_swamp_cousins, uniq_kirke,
          uniq_jorgrun
Spider:3: layout_cave_pods
Spider:4: hellmonk_spider_rune_endless_swarm, drop_trap,
          hellmonk_deceptive_appearances, uniq_donald
Orc:1:    layout_diamond_mine
Orc:2:    grunt_orc_cross, layout_caves, basic_altar, portal_ice_cave_rime,
          nicolae_shop_firing_range
Elf:1:    elf_arrival_001, layout_geoelf_diagonals, hangedman_elf_represent,
          uniq_norris
Elf:2:    nicolae_elf_blades_crystal_corner, layout_geoelf_octagon
Elf:3:    minmay_elf_hall_four_x, layout_geoelf_octagon
Vaults:1: nicolae_vaults_house_3, nicolae_vaults_big_ls,
          hangedman_vaults_variations, vaults_room_corners,
          nicolae_vaults_trapezoid_lopsided_3,
          nicolae_vaults_trapezoid_lopsided_4, nicolae_vaults_more_shelving_1,
          layout_vaults_omnigrid
Vaults:2: v_misc_9, st_greater_box_5, grunt_vaults_diagonal,
          ontoclasm_vaults_ligature, ontoclasm_vaults_eye,
          nicolae_vaults_closet_pinwheel_4, v_misc_12,
          ontoclasm_vaults_misaligned, minmay_crypt_entry_simple_statues,
          vaults_room_stairs_pillars, nicolae_vaults_six-pack,
          layout_vaults_maze_snakey, uniq_margery
Vaults:3: nicolae_vaults_network_periphery, nicolae_vaults_storage_room_statues,
          ontoclasm_vaults_decontamination, nicolae_vaults_little_squares_5,
          nicolae_vaults_diamond_2, nicolae_vaults_prndl,
          layout_vaults_big_room, nicolae_trove_entry_crystal, serial_shops,
          shop, uniq_zenata, uniq_sojobo, uniq_frederick
Vaults:4: portal_desolation_entry_holy_temple, ontoclasm_vaults_loading_screen,
          nicolae_vaults_twisting_passages, nicolae_vaults_ninety_degrees,
          nicolae_vaults_spaceships, hangedman_vaults_capsules, v_pattern_4,
          nicolae_vaults_surprise_closet_hard, nicolae_vaults_asterisk,
          grunt_vaults_funnel, nicolae_vaults_tetromino_L_1,
          nicolae_vaults_diamond_1, layout_vaults_omnicross, uniq_xtahua,
          uniq_mara
Vaults:5
Crypt:1:  minmay_guarded_unrand_sceptre_of_torment, layout_gridlike,
          serial_sigils_hangedman_scratch, uniq_jory, uniq_vv
Crypt:2:  layout_catacombs
Crypt:3:  grunt_crypt_end_deaths_head
Depths:1: layout_basic, fedhas_altar_fruit_tree, hell_entry, pan_entry,
          nicolae_abyss_entry_one_way_or_another, lightli_minifort
Depths:2: minmay_shrinking_squares, layout_honeycomb, enter_ziggurat_e,
          gammafunk_ghost_mausoleum, chequers_serial_rivers_small_3, hell_entry,
          pan_entry, kennysheep_generic_room_7
Depths:3: nzn_winding_woodlands_large [nzn_winding_woodlands_5x5_three,
          nzn_winding_woodlands_5x15_lazy_stream,
          nzn_winding_woodlands_5x5_checkerboard,
          nzn_winding_woodlands_center_triple_pond,
          nzn_winding_woodlands_15x15_thick_spiral,
          nzn_winding_woodlands_center_pierced_h,
          nzn_winding_woodlands_5x5_open_star,
          nzn_winding_woodlands_5x15_river_crossing,
          nzn_winding_woodlands_5x5_perimeter], layout_cave_pools, abyss_entry,
          hell_entry
Depths:4: grunt_x_marks_the_spot, layout_cave_pools, grunt_decor_cap,
          grunt_mini_vestibule, serial_bayou_shore_b
Zot:1:    layout_twisted_circle, bh_zot_ikea_curve, zot_minivault_5
Zot:2:    layout_onion_interference
Zot:3:    layout_gridlike
Zot:4:    layout_onion_interference
Zot:5:    layout_twisted_circle

Skill      XL: |  1  2  3  4  5  6  7  8  9 10 11 12 13 14 15 16 17 18 19 20 21 22 23 24 25 26 27 |
---------------+----------------------------------------------------------------------------------+-----
Polearms       | 5 6 7 8 10 12 13 16 19 22 26 | 26.3
Throwing       | 3 4 6 7 10 12 14 16 | 16.0
Evocations     | 2 4 7 12 15 19 20 21 | 21.8
Dodging        | 5 7 8 11 12 14 16 19 21 22 | 22.0
Fighting       | 5 8 10 13 17 18 20 21 22 23 | 23.9
Armour         | 3 7 8 11 12 13 15 16 17 | 17.4
Invocations    | 4 6 9 11 13 14 15 18 | 18.0

Action                     |  1- 3 |  4- 6 |  7- 9 | 10-12 | 13-15 | 16-18 | 19-21 | 22-24 | 25-27 || total
---------------------------+-------+-------+-------+-------+-------+-------+-------+-------+-------++-------
  Melee: Trident           |    70 |   309 |   476 |   372 |       |       |       |       |       ||  1227
         Punch             |     1 |     1 |     7 |       |       |       |       |       |       ||     9
         Tailslap          |       |     5 |       |       |       |    10 |       |    26 |     1 ||    42
         Glaive            |       |       |       |   230 |   273 |       |       |       |       ||   503
         Bardiche          |       |       |       |       |   872 |  1351 |  1439 |  1665 |  1979 ||  7306
  Throw: Dart              |     4 |    13 |    35 |    42 |    16 |    31 |    13 |       |       ||   154
         Throwing net      |       |     2 |     1 |       |       |       |       |       |       ||     3
         Javelin           |       |     1 |       |     1 |       |    10 |    40 |    75 |   162 ||   289
         Boomerang         |       |       |    15 |       |       |       |       |       |    47 ||    62
 Invoke: Heroism           |       |       |       |     3 |    17 |    17 |    22 |    15 |    19 ||    93
         Receive Weapon    |       |       |       |       |     1 |       |       |       |       ||     1
         Receive Armour    |       |       |       |       |     1 |       |       |       |       ||     1
         Finesse           |       |       |       |       |     2 |     3 |     5 |     3 |     9 ||    22
         Duel              |       |       |       |       |     1 |       |     1 |     1 |     1 ||     4
  Evoke: Wand              |       |       |     4 |     6 |     6 |     2 |     6 |     6 |     3 ||    33
         Condenser vane    |       |       |       |       |       |     3 |     4 |     1 |     6 ||    14
         Lightning rod     |       |       |       |       |       |       |     4 |       |       ||     4
    Use: Scroll            |     4 |       |     2 |     6 |     7 |    12 |    15 |     2 |    13 ||    61
         Potion            |       |     1 |       |       |     5 |     4 |     1 |     3 |     5 ||    19
   Stab: Sleeping          |     3 |     4 |     4 |     2 |     1 |       |       |       |       ||    14
         Distracted        |       |       |     1 |     4 |     1 |     1 |     2 |       |       ||     9
         Paralysed         |       |       |       |     6 |     1 |       |       |       |     5 ||    12
         Petrified         |       |       |       |       |       |     2 |       |       |       ||     2
         Held in net/web   |       |       |       |       |       |       |     1 |       |       ||     1
 Armour: Leather armour    |    22 |    84 |   195 |    42 |       |       |       |       |       ||   343
         Steam dragon scal |       |       |       |   297 |   401 |       |       |       |       ||   698
         Quicksilver drago |       |       |       |       |   215 |   730 |   435 |       |       ||  1380
         Skin              |       |       |       |       |    14 |       |       |       |       ||    14
         Gold dragon scale |       |       |       |       |    62 |       |   192 |   915 |  1283 ||  2452
  Dodge: Dodged            |    58 |   141 |   226 |   323 |   913 |  1263 |   959 |  1076 |  1252 ||  6211
  Block: Other             |       |       |    19 |       |       |   107 |   192 |   247 |   196 ||   761
         Kite shield       |       |       |       |   129 |       |       |       |       |       ||   129
         Reflection        |       |       |       |       |       |     1 |    14 |    30 |     9 ||    54

Table legend: (Time is in decaauts)
 A = Elapsed time spent in this place.
 B = Non-inter-level travel time spent in this place.
 C = Inter-level travel time spent in this place.
 D = Time resting spent in this place.
 E = Time spent auto-exploring this place.
 F = Levels seen in this place.
 G = Mean time per level.
                   A        B        C        D        E       F      G
               +--------+--------+--------+--------+--------+-----+--------+
         Total |  78863 |  70650 |   8213 |   9081 |  43614 |  59 | 1336.7 |
       Dungeon |  20337 |  17037 |   3300 |   1471 |  11521 |  15 | 1355.8 |
        Temple |      9 |      9 |      0 |      0 |      0 |   1 |    9.0 |
          Lair |   8734 |   7888 |    846 |    957 |   5107 |   5 | 1746.8 |
        Shoals |   7472 |   7131 |    341 |   1744 |   3508 |   4 | 1868.0 |
   Spider Nest |   7825 |   7439 |    386 |   1402 |   4458 |   4 | 1956.2 |
  Orcish Mines |   1522 |   1415 |    107 |     25 |   1064 |   2 |  761.0 |
   Elven Halls |   4314 |   4048 |    266 |    200 |   2780 |   3 | 1438.0 |
        Vaults |  11747 |  10299 |   1448 |   1231 |   6613 |   5 | 2349.4 |
         Crypt |   5073 |   4639 |    434 |    116 |   3325 |   3 | 1691.0 |
        Depths |   7219 |   6491 |    728 |   1158 |   3898 |   4 | 1804.8 |
           Zot |   2461 |   2108 |    353 |    377 |    677 |   5 |  492.2 |
         Sewer |    237 |    237 |      0 |      0 |    100 |   1 |  237.0 |
        Bailey |    468 |    468 |      0 |      0 |    242 |   1 |  468.0 |
      Ice Cave |    411 |    411 |      0 |    215 |      0 |   1 |  411.0 |
    Desolation |    928 |    928 |      0 |    157 |    319 |   1 |  928.0 |
         Arena |     99 |     99 |      0 |     23 |      0 |   4 |   24.8 |
               +--------+--------+--------+--------+--------+-----+--------+

Top non-repeatable levels by time:
Vaults:2: 2895 daAuts
Vaults:5: 2671 daAuts
Shoals:3: 2487 daAuts
Vaults:1: 2477 daAuts
Spider:3: 2457 daAuts
Depths:2: 2411 daAuts
  Lair:4: 2301 daAuts
Vaults:4: 2144 daAuts
  Lair:5: 1984 daAuts
 Crypt:3: 1982 daAuts
    D:14: 1952 daAuts
Spider:2: 1952 daAuts
Depths:3: 1935 daAuts
Spider:4: 1930 daAuts
    D:15: 1794 daAuts
